 Dungeon Crawl Stone Soup version 0.23-a0-350-g6fd5563 (webtiles) character file.

8 iamserjio the Gusty (level 2, 0/18 HPs)
             Began as an Octopode Air Elementalist on Oct 20, 2018.
             Slain by a jackal (2 damage)
             ... on level 1 of the Dungeon.
             The game lasted 00:02:41 (736 turns).

iamserjio the Gusty (Octopode Air Elementalist)      Turns: 736, Time: 00:02:42

Health: 0/18       AC:  1    Str:  7    XL:     2   Next: 8%
Magic:  1/5        EV: 13    Int: 17    God:
Gold:   0          SH:  0    Dex: 12    Spells: 4/5 levels left

rFire    . . .     SeeInvis .   f - +0 mace
rCold    . . .     Gourm    .   (no shield)
rNeg     . . .     Faith    .   (helmet restricted)
rPois    .         Spirit   .   (no amulet)
rElec    .         Reflect  .   (no ring)
rCorr    .         Harm     .   (no ring)
MR       .....                  (no ring)
Stlth    +++.......             (no ring)
HPRegen  0.06/turn              (no ring)
MPRegen  0.09/turn              (no ring)
                                (no ring)
                                (no ring)

@: no status effects
A: almost no armour, stealthy swim, amphibious, 8 rings, constrict 8, camouflage
1, gelatinous body 1
a: no special abilities


You were on level 1 of the Dungeon.
You were not hungry.

You visited 1 branch of the dungeon, and saw 1 of its levels.

Inventory:

Hand Weapons
 a - a +0 whip
 f - a +0 mace (weapon)
 h - a +0 short sword
Missiles
 d - 26 sling bullets
Scrolls
 c - a scroll of blinking {unknown}
 e - a scroll of identify {unknown}
 g - a scroll of teleportation {unknown}
Comestibles
 b - 2 rations


   Skills:
 + Level 0.4 Fighting
 * Level 0.3 Maces & Flails
 * Level 2.2 Dodging
 - Level 2.6 Stealth
 - Level 2.0 Spellcasting
 + Level 1.2 Conjurations
 + Level 3.1 Air Magic


You had 4 spell levels left.
You knew the following spells:

 Your Spells              Type           Power        Failure   Level  Hunger
a - Shock                 Conj/Air       #...         9%          1    #......

Your spell library contained the following spells:

 Spells                   Type           Power        Failure   Level  Hunger
 Swiftness                Chrm/Air       #.......     16%         2    ###....
 Static Discharge         Conj/Air       #.......     24%         3    ###....
 Airstrike                Air            ##........   47%         4    #####..
 Lightning Bolt           Conj/Air       #.........   92%         5    ######.


Dungeon Overview and Level Annotations

Branches:
Dungeon (1/15)

Altars:


Innate Abilities, Weirdness & Mutations

You cannot wear most types of armour.
You are very stealthy in the water. (Stealth+)
You are amphibious.
You can wear up to eight rings at the same time.
You can use your tentacles to constrict eight enemies at once.
Your skin changes colour to match your surroundings (Stealth+).
Your rubbery body absorbs attacks. (AC +1, EV +1)


Message History

Casting: Shock (safe; 9% risk of failure)
Aiming: Shock (safe; 9% risk of failure)
Aim: a jackal (severely wounded)
The zap hits the jackal.
You kill the jackal!
The zap misses the jackal.
The zap hits the goblin.
The jackal misses you.
Casting: Shock (safe; 9% risk of failure)
Aiming: Shock (safe; 9% risk of failure)
Aim: a jackal The zap misses the jackal.
The zap misses the goblin.
The jackal completely misses you.
You hit the jackal. You grab the jackal. You squeeze the jackal.
You constrict the jackal. The jackal bites you.
* * * LOW HITPOINT WARNING * * *
The jackal misses you.
You hit the jackal but do no damage. You constrict the jackal.
The jackal bites you.
* * * LOW HITPOINT WARNING * * *
The jackal bites you.
You die...

#.####...###........
####...###...##+#.
#........+...+ #.
#.########...+ +.
#.# ...... #. #.#
###... ## #.# # #.#
#.. #@# #....#h##
#.....g.#
####...........
#.....###### #.....$
#....### ......
.....##


You could see a jackal and a goblin.

Vanquished Creatures
  2 bats (D:1)
  A hobgoblin (D:1)
  A jackal (D:1)
  A kobold (D:1)
  A goblin (D:1)
  2 rats (D:1)
8 creatures vanquished.

Notes
Turn   | Place    | Note
-------+----------+-------------------------------------------
     0 | D:1      | iamserjio the Octopode Air Elementalist began the quest for
                  | the Orb.
     0 | D:1      | Reached XP level 1. HP: 11/11 MP: 3/3
   727 | D:1      | Reached XP level 2. HP: 7/18 MP: 3/5
   736 | D:1      | Slain by a jackal

Vault maps used:
D:1:      onia_arrival_mini_spirals

Action                   || total
-------------------------++-------
Melee: Whip              ||    11
       Constrict         ||     7
       Mace              ||     9
       Tentacles         ||     1
 Cast: Shock             ||     9
 Stab: Sleeping          ||     1
Armor: Skin              ||     6
Dodge: Dodged            ||    23

Table legend:
 A = Non-vault XP
 B = Vault XP
 C = Vault XP percentage of total XP
 D = Non-vault monster count
 E = Vault monster count
 F = Vault count percentage of total count
                 A         B        C        D         E       F
            +---------+---------+-------+---------+---------+-------
      Total |      12 |       0 |   0.0 |       8 |       0 |   0.0
            +---------+---------+-------+---------+---------+-------
        D:1 |      12 |       0 |   0.0 |       8 |       0 |   0.0
            +---------+---------+-------+---------+---------+-------
